 Dungeon Crawl Stone Soup version 0.19.0-24-gb05acd6 (webtiles) character file.

4698 Television the Cleaver (level 10, -2/100 HPs)
             Began as a Hill Orc Berserker on Nov 20, 2016.
             Was a Priest of Trog.
             Killed from afar by Erolcha (36 damage)
             ... with a crystal spear
             ... on level 10 of the Dungeon.
             The game lasted 00:10:31 (5298 turns).

Television the Cleaver (Hill Orc Berserker)         Turns: 5298, Time: 00:10:31

Health: -2/100     AC:  9    Str: 27    XL:     10   Next: 45%
Magic:  10/10      EV: 10    Int:  7    God:    Trog [***...]
Gold:   307        SH:  0    Dex: 10    Spells: 0 memorised, 9 levels left

rFire  . . .     SeeInvis +     d - +0 war axe
rCold  . . .     Gourm    .     r - +2 scale mail {MR+}
rNeg   . . .     Faith    .     (no shield)
rPois  .         Spirit   .     (no helmet)
rElec  .         Reflect  .     (no cloak)
rCorr  .         Harm     .     (no gloves)
MR     +....                    i - +0 pair of boots
Stlth  ..........               (no amulet)
                                I - +3 ring of strength
                                f - ring of see invisible

@: exhausted, drained
A: no striking features
a: Berserk, Trog's Hand, Burn Spellbooks, Renounce Religion


You were on level 10 of the Dungeon.
You worshipped Trog.
Trog was most pleased with you.
You were not hungry.

You visited 1 branch of the dungeon, and saw 10 of its levels.
You also visited: Ossuary.

You collected 307 gold pieces.

Inventory:

Hand Weapons
 a - a +0 hand axe
 d - a +0 war axe (weapon)
Missiles
 O - 3 throwing nets (quivered)
Armour
 b - a +0 animal skin
 i - a +0 pair of boots (worn)
 o - a +0 ring mail
 r - a +2 scale mail of magic resistance (worn)
Jewellery
 f - a ring of see invisible (left hand)
 g - an uncursed ring of positive energy
 D - an uncursed ring of stealth
 I - a +3 ring of strength (right hand)
Wands
 y - a wand of enslavement (10/24)
 J - a wand of slowing (37/48)
Scrolls
 e - 2 scrolls of fog {unknown}
 k - 2 scrolls of magic mapping {unknown}
 l - 4 scrolls of remove curse {unknown}
 p - a scroll of amnesia {unknown}
 s - 3 scrolls of teleportation {unknown}
 u - a scroll of summoning {unknown}
 x - a scroll of fear {unknown}
 E - a scroll of enchant armour {unknown}
 L - a scroll of random uselessness
 N - a scroll of noise
 P - a scroll of identify
Potions
 h - a potion of ambrosia
 j - a potion of agility {unknown}
 m - 2 potions of resistance {unknown}
 n - 3 potions of curing
 q - 2 potions of degeneration
 t - 3 potions of lignification
 v - a potion of brilliance
 w - a potion of might {unknown}
 z - a potion of cure mutation {unknown}
 A - a potion of magic {unknown}
 F - 2 potions of flight {unknown}
 G - a potion of mutation {unknown}
Comestibles
 c - 4 bread rations
 C - 2 meat rations
 H - a beef jerky
 K - 2 fruits


   Skills:
 + Level 12.7(11.3) Fighting
 + Level 13.9(12.4) Axes
 - Level 2.1(1.1) Armour
 - Level 1.5(0.5) Dodging


You had 9 spell levels left.
You didn't know any spells.

Dungeon Overview and Level Annotations

Branches:
Dungeon (10/15)            Temple (0/1) D:7
   Lair: D:8-11         Orc: D:9-12

Altars:
Fedhas
Qazlal

Shops:
D:8 }

Annotations:
D:10 Erolcha


Message History

The yak gores you but does no damage.
You hit Erolcha.
Erolcha is severely wounded.
You slash the yak! You barely miss the yak. You slash the yak!
Your skin stops crawling.
You feel less resistant to hostile enchantments.
The yak gores you. The yak barely misses you. The yak gores you.
Erolcha barely misses you.
You hit Erolcha.
Erolcha is severely wounded.
You closely miss the yak. You barely miss the yak. You slash the yak!
The yak gores you. The yak misses you. The yak completely misses you.
Your scale mail prevents you from hitting Erolcha.
Erolcha is severely wounded.
Your scale mail prevents you from hitting the yak.
You hit the yak but do no damage. You hit the yak.
Erolcha screams, "Stand!
Erolcha hit you!" Erolcha casts a spell at you. The crystal spear hits you!
You die...

#.# #.# ....# ...# #.#
....# ...# #.# ....#
...# #.# ....# ...#
#.#####....#
...#########..$.......#
.....)...........Y....#
........######..@Y....#
........#....#..YO....#
........'....#.........#
........#....#../......#
.......)######..........
<(......................
.....#+####..#######....
###..# ..# .... #..+
#..#


You could see Erolcha and 3 yaks.

Vanquished Creatures
  Harold (D:10)
  The ghost of vev the Cleaver, a novice MiGl of Makhleb (D:8)
  Nergalle (D:10)
  A hill giant (D:10)
  Joseph (D:7)
  3 yaks (D:10)
  A hungry ghost (D:8)
  Edmund (D:6)
  A sky beast (D:7)
  2 phantoms
  2 ogres
  A centaur (D:6)
  4 bullfrogs
  A scorpion (D:8)
  A wight (D:7)
  A howler monkey (D:6)
  A quasit (D:10)
  A hound (D:7)
  An orc priest (D:3)
  An orc wizard (D:9)
  An iguana (D:6)
  4 worker ants
  12 mummies (Ossuary)
  3 gnolls (D:7)
  6 adders
  A shadow imp (D:9)
  A worm (D:3)
  2 dart slugs
  2 leopard geckos
  10 orcs
  2 bats (D:3)
  5 giant cockroaches
  3 goblins (D:3)
  2 hobgoblins (D:3)
  4 jackals (D:5)
  A quokka (D:3)
  3 frilled lizards
  3 goblin skeletons (Ossuary)
  3 kobolds
  4 kobold skeletons (Ossuary)
  An orc skeleton (Ossuary)
  2 rats
  11 rat skeletons (Ossuary)
113 creatures vanquished.

Vanquished Creatures (others)
  Sigmund (D:6)
  A plant (D:7)
2 creatures vanquished.

Grand Total: 115 creatures vanquished

Notes
Turn   | Place    | Note
-------+----------+-------------------------------------------
     0 | D:1      | Television the Hill Orc Berserker began the quest for the Orb.
     0 | D:1      | Reached XP level 1. HP: 19/19 MP: 1/1
   149 | D:2      | Reached XP level 2. HP: 14/27 MP: 2/2
   524 | D:3      | Reached XP level 3. HP: 17/34 MP: 3/3
   887 | D:3      | Reached skill level 5 in Axes
   940 | D:3      | Reached ** piety under Trog
   940 | D:3      | Reached skill level 5 in Fighting
   940 | D:3      | Reached XP level 4. HP: 5/42 MP: 4/4
   945 | D:3      | HP: 3/63 [orc/mace (4)]
  1239 | D:4      | Noticed an ogre
  1246 | D:4      | Killed an ogre
  1246 | D:4      | Reached skill level 6 in Axes
  1246 | D:4      | Reached XP level 5. HP: 50/50 MP: 5/5
  1506 | D:5      | Entered Level 5 of the Dungeon
  1631 | D:5      | Found a sand-covered staircase.
  1636 | Ossuary  | Entered an ossuary
  1642 | Ossuary  | Reached XP level 6. HP: 57/57 MP: 6/6
  2405 | Ossuary  | Reached skill level 7 in Axes
  2865 | D:6      | Reached XP level 7. HP: 55/66 MP: 7/7
  2928 | D:6      | Noticed Edmund
  2937 | D:6      | Killed Edmund
  2937 | D:6      | Reached skill level 8 in Axes
  2938 | D:6      | Noticed Sigmund
  2969 | D:6      | Your ally died
  3104 | D:7      | Reached skill level 9 in Axes
  3104 | D:7      | Reached XP level 8. HP: 46/74 MP: 8/8
  3191 | D:7      | HP: 5/112 [poisoned by a gnoll]
  3289 | D:7      | Found a stormy altar of Qazlal.
  3333 | D:7      | Noticed Joseph
  3352 | D:7      | Killed Joseph
  3352 | D:7      | Reached skill level 10 in Axes
  3594 | D:7      | Reached *** piety under Trog
  3661 | D:7      | Found a staircase to the Ecumenical Temple.
  3736 | D:8      | Found a blossoming altar of Fedhas.
  3864 | D:8      | Found Qogaschofiu's Gadget Boutique.
  3972 | D:8      | Noticed vev's ghost (novice MiGl)
  3999 | D:8      | HP: 1/79 [vev's ghost (16)]
  4001 | D:8      | Killed vev's ghost
  4001 | D:8      | Reached skill level 10 in Fighting
  4001 | D:8      | Reached skill level 11 in Axes
  4001 | D:8      | Reached XP level 9. HP: 2/86 MP: 9/9
  4368 | D:8      | Noticed a hornet
  4456 | D:10     | Entered Level 10 of the Dungeon
  4513 | D:10     | Reached skill level 12 in Axes
  5014 | D:10     | Noticed a hill giant
  5021 | D:10     | Killed a hill giant
  5021 | D:10     | Reached skill level 13 in Axes
  5021 | D:10     | Reached XP level 10. HP: 97/97 MP: 10/10
  5147 | D:10     | Noticed Harold
  5154 | D:10     | Killed Harold
  5249 | D:10     | Noticed Nergalle
  5268 | D:10     | Killed Nergalle
  5287 | D:10     | Noticed Erolcha
  5298 | D:10     | Killed from afar by Erolcha

Skill      XL: |  1  2  3  4  5  6  7  8  9 |
---------------+----------------------------+-----
Fighting       | 4 5 6 7 8 10 12 | 12.7
Axes           | 5 6 7 9 11 13 | 13.9
Armour         | |  2.1
Dodging        | |  1.5

Action                   |  1- 3 |  4- 6 |  7- 9 | 10-12 || total
-------------------------+-------+-------+-------+-------++-------
Melee: Hand axe          |    35 |       |       |       ||    35
       War axe           |    35 |   137 |   201 |    28 ||   401
Invok: Berserk           |     4 |     4 |     8 |     2 ||    18
       Trog's Hand       |       |       |     2 |     1 ||     3
Evoke: Wand              |       |       |     3 |       ||     3
  Use: Potion            |       |       |     3 |     1 ||     4
       Scroll            |       |       |     5 |       ||     5
 Stab: Sleeping          |     1 |       |       |       ||     1
  Eat: Chunk             |     4 |     2 |    10 |     4 ||    20
       Bread ration      |       |     2 |       |       ||     2
       Royal jelly       |       |     1 |       |       ||     1
       Pizza             |       |       |     1 |       ||     1
Armor: Animal skin       |     6 |     6 |       |       ||    12
       Ring mail         |       |    15 |       |       ||    15
       Scale mail        |       |    17 |   102 |     5 ||   124
Dodge: Dodged            |    36 |    59 |    97 |    18 ||   210
